 Seeded DCSS version 0.30-a0-377-g5cb311bc9f (webtiles) character file.

Game seed: 12882034922843276435 (custom seed)

2258 purpskrrrp the Skirmisher (level 8, -11/60 HPs)
             Began as a Demigod Hunter on Nov 28, 2022.
             Mangled by a two-headed ogre
             ... wielding a +1 dire flail of holy wrath
              (22 damage)
             ... on level 8 of the Dungeon.
             The game lasted 00:14:50 (7224 turns).

purpskrrrp the Skirmisher (Demigod Hunter)          Turns: 7224, Time: 00:14:51

Health: -11/60     AC: 16    Str: 12    XL:     8   Next: 93%
Magic:  3/3        EV: 10    Int: 11    God:
Gold:   361        SH:  0    Dex: 31    Spells: 7/7 levels left

rFire   . . .      SeeInvis .    e - +3 longbow "Zixucausch" {antimagic, rN+}
rCold   + . .      Faith    .    (shield currently unavailable)
rNeg    + . .      Spirit   .    F - +4 scale mail of Dishonesty {rElec rC+ Slay+3}
rPois   +          Reflect  .    f - +2 helmet
rElec   +          Harm     .    A - scarf {repulsion}
rCorr   .          Rampage  .    G - +2 pair of gloves
Will    .....                    (no boots)
Stlth   +.........               (no amulet)
HPRegen 0.30/turn                k - ring of flight
MPRegen 0.08/turn                v - +6 ring of dexterity

@: flying, repel missiles
A: high MP 1, forlorn, divine attributes, sense surroundings 1, poison
resistance
a: no special abilities


You were on level 8 of the Dungeon.
You visited 1 branch of the dungeon, and saw 8 of its levels.
You also visited: Ossuary.

You collected 856 gold pieces.
You spent 495 gold pieces at shops.

Inventory:

Hand Weapons
 a - a +1 vorpal shortbow
 e - the +3 longbow "Zixucausch" (weapon) {antimagic, rN+}
   (You acquired it on level 1 of the Dungeon)

   It reduces the magical energy of the wielder, and disrupts the spells and
   magical abilities of those it strikes.
   Natural abilities and divine invocations are not affected.
   rN:        It protects you from negative energy.
 H - the +2 long sword of Entrepreneurial Spirit {vorpal, Str+2}
   (You found it on level 4 of the Dungeon)

   It inflicts extra damage upon your enemies.
   Str:       It affects your strength (+2).
Missiles
 D - 4 throwing nets
Armour
 c - a +0 leather armour
 f - a +2 helmet (worn)
 h - a scarf of shadows
 A - a scarf of repulsion (worn)
 F - the +4 scale mail of Dishonesty (worn) {rElec rC+ Slay+3}
   (You bought it in a shop on level 4 of the Dungeon)

   Slay:      It affects your accuracy & damage with ranged weapons and melee
   (+3).
   rC:        It protects you from cold.
   rElec:     It insulates you from electricity.
 G - a +2 pair of gloves (worn)
Jewellery
 k - a ring of flight (left hand)
 v - a +6 ring of dexterity (right hand)
 x - a ring of poison resistance
Wands
 o - a wand of flame (19)
 u - a wand of acid (11)
Scrolls
 j - 2 scrolls of butterflies
 m - a scroll of magic mapping
 t - a scroll of immolation
 w - a scroll of amnesia {unknown}
 y - a scroll of teleportation
 B - 2 scrolls of identify
Potions
 b - 4 potions of curing
 d - 5 potions of brilliance
 g - a potion of attraction {unknown}
 i - a potion of resistance {unknown}
 l - 4 potions of heal wounds
 n - a potion of mutation
 p - a potion of cancellation {unknown}
 q - a potion of flight
 r - 2 potions of invisibility
 s - a potion of ambrosia {unknown}
 z - 2 potions of magic {unknown}
 C - a potion of lignification {unknown}
 E - 2 potions of haste {unknown}


   Skills:
 - Level 1.7 Fighting
 + Level 11.7 Ranged Weapons
 - Level 1.7 Dodging
 - Level 0.8 Stealth


You had 7 spell levels left.
You didn't know any spells.
Your spell library contained the following spells:

 Spells                   Type           Power      Damage    Failure   Level
 Foxfire                  Conj/Fire      0%         2x1d4     89%         1
 Blink                    Tloc           0%         N/A       96%         2
 Momentum Strike          Conj/Tloc      0%         3d8       96%         2
 Sublimation of Blood     Necr           0%         N/A       96%         2
 Wereblood                Tmut           0%         N/A       96%         2
 Call Canine Familiar     Summ           0%         N/A       99%         3
 Lesser Beckoning         Tloc           0%         N/A       99%         3
 Portal Projectile        Hex/Tloc       0%         N/A       99%         3
 Leda's Liquefaction      Hex/Erth       0%         N/A       100%        4
 Summon Hydra             Summ           0%         N/A       100%        7


Dungeon Overview and Level Annotations

Branches:
Dungeon (8/15)             Temple (0/1) D:5         Ossuary (visited)
   Lair: D:8-11

Shops:
D:4 [

Annotations:
D:7 1 transporter
D:8 Joseph


Innate Abilities, Weirdness & Mutations

You have an increased reservoir of magic. (+10% MP)
You shall have no god before yourself.
Your divine heritage dramatically boosts your attributes as you level up.
You passively map a small area around you.
Your system is resistant to poisons. (rPois)


Message History

No target in view!
No target in view!
No target in view!
No target in view!
No target in view!
No target in view!
No target in view!
No target in view!
No target in view!
No target in view!
No target in view!
No target in view!
No target in view!
Found a stone staircase leading up.
You now have 361 gold pieces (gained 14).
A two-headed ogre comes into view.
It is wielding a +1 dire flail of holy wrath and a +0 giant club.
The two-headed ogre shouts in stereo!
A two-headed ogre is nearby!
You shoot an arrow. The arrow hits the two-headed ogre.
The two-headed ogre is lightly wounded.
Joseph, a Mercenary comes into view.
He is wielding a +0 quarterstaff and carrying a wand of mindburst (12).
You shoot an arrow.
The arrow barely misses the two-headed ogre.
Joseph shouts!
Joseph zaps a wand.
You struggle to resist.
You shoot an arrow. The arrow hits the two-headed ogre.
The two-headed ogre is moderately wounded.
Joseph smiles happily.
You shoot an arrow.
The arrow barely misses the two-headed ogre.
You shoot an arrow. The arrow hits the two-headed ogre!
The two-headed ogre is heavily wounded.
The two-headed ogre hits you with a +1 dire flail of holy wrath!!
The two-headed ogre hits you with a +0 giant club!
You shoot an arrow. The arrow hits the two-headed ogre!!
The two-headed ogre is severely wounded.
The two-headed ogre hits you with a +1 dire flail of holy wrath!!
* * * LOW HITPOINT WARNING * * *
The two-headed ogre hits you with a +0 giant club!!
You die...

##### ##...##
####
#..#..###...# ,
#.###...@O@.#, *
*
#..#..###.......
##...## ####...
* ##.## . #.# ,
#####.##### ,
#.........# **
#.###.###.# ,
#.# #.# * *


You could see Joseph and a two-headed ogre.

Vanquished Creatures
  A wraith (Ossuary)
  Menkaure (D:4)
  An ice beast (D:6)
  3 ogres
  2 black bears
  2 phantoms
  5 bullfrogs
  2 necrophages
  3 scorpions
  3 wights (D:6)
  Crazy Yiuf (D:5)
  A hound (D:4)
  A jelly (D:4)
  An iguana (D:6)
  A gnoll bouda (D:4)
  3 orc wizards (D:4)
  A mummy (Ossuary)
  12 gnolls
  9 adders
  2 white imps (D:7)
  2 ufetubi
  A worm (D:3)
  3 dart slugs
  8 orcs
  7 bats
  6 endoplasms
  A giant cockroach (D:2)
  6 hobgoblins
  3 jackals (D:2)
  5 kobolds
  2 quokkas
  5 ball pythons
  5 frilled lizards
  3 gnoll skeletons (Ossuary)
  5 goblins
  8 kobold skeletons (Ossuary)
  14 orc skeletons (Ossuary)
  6 rats
145 creatures vanquished.

Vanquished Creatures (others)
  3 plants (D:5)
3 creatures vanquished.

Grand Total: 148 creatures vanquished

Notes
Turn   | Place    | Note
-------+----------+-------------------------------------------
     0 | D:1      | purpskrrrp the Demigod Hunter began the quest for the Orb.
     0 | D:1      | Reached XP level 1. HP: 17/17 MP: 3/3
   157 | D:1      | Reached skill level 4 in Ranged Weapons
   267 | D:1      | Reached XP level 2. HP: 24/24 MP: 4/4
  1045 | D:1      | Identified a scroll of acquirement
  1045 | D:1      | Acquired the +3 longbow "Zixucausch" {antimagic, rN+}
  1203 | D:2      | Reached XP level 3. HP: 29/29 MP: 1/5
  1247 | D:2      | Reached skill level 5 in Ranged Weapons
  1279 | D:2      | You are sucked into a shaft and drop 2 floors!
  1283 | D:4      | Reached XP level 4. HP: 36/36 MP: 2/6
  1335 | D:4      | Found a sand-covered staircase.
  1343 | Ossuary  | Entered an ossuary
  1343 | Ossuary  | Noticed a wraith
  1343 | Ossuary  | Noticed a wraith
  1359 | Ossuary  | Noticed a wraith
  1465 | Ossuary  | Noticed a wraith
  1496 | Ossuary  | Killed a wraith
  1497 | Ossuary  | Reached skill level 6 in Ranged Weapons
  1497 | Ossuary  | Reached XP level 5. HP: 6/41 MP: 2/7
  1884 | D:4      | Reached skill level 7 in Ranged Weapons
  1884 | D:4      | Reached XP level 6. HP: 45/48 MP: 2/8
  1892 | D:4      | Acquired 398 gold pieces
  3427 | D:4      | Noticed Menkaure
  3433 | D:4      | Killed Menkaure
  3434 | D:4      | Reached skill level 8 in Ranged Weapons
  3434 | D:4      | Reached XP level 7. HP: 53/53 MP: 3/9
  3514 | D:4      | Identified the +2 long sword of Entrepreneurial Spirit
                  | {vorpal, Str+2}
  3984 | D:4      | Found Yforosur's Antique Armour Shop.
  3991 | D:4      | Bought a dazzling scale mail for 270 gold pieces
  3991 | D:4      | Identified the +4 scale mail of Dishonesty {rElec rC+
                  | Slay+3} (You bought it in a shop on level 4 of the Dungeon)
  3991 | D:4      | Bought a pair of glowing gloves for 225 gold pieces
  4175 | D:4      | Got Sif Muna's Treatise on Concussion
  4275 | D:5      | Entered Level 5 of the Dungeon
  4295 | D:5      | Reached skill level 9 in Ranged Weapons
  4359 | D:5      | Found a staircase to the Ecumenical Temple.
  4516 | D:5      | Found a runed translucent door.
  4517 | D:5      | Noticed Crazy Yiuf
  5131 | D:5      | Killed Crazy Yiuf
  5465 | D:6      | Reached XP level 8. HP: 60/60 MP: 3/10
  5498 | D:6      | Reached skill level 10 in Ranged Weapons
  5840 | D:6      | Identified the +0 pair of gloves "Dimairre" {Regen+ Str+2
                  | Int+2 Dex+3}
  6186 | D:6      | Reached skill level 11 in Ranged Weapons
  6207 | D:6      | Gained mutation: Your system is resistant to poisons.
                  | (rPois) [potion of mutation]
  6207 | D:6      | Gained mutation: You passively map a small area around you.
                  | [potion of mutation]
  6745 | D:7      | Found a transporter.
  6745 | D:7      | Noticed a white ugly thing
  7218 | D:8      | Noticed a two-headed ogre
  7219 | D:8      | Noticed Joseph
  7224 | D:8      | Mangled by a two-headed ogre

Illustrated notes

Levels and vault maps discovered:
D:1:      eino_arrival_water_cross, layout_basic
D:2:      layout_basic, solitary_fountain
D:3:      layout_loops_ring, mainiacjoe_overflow_24_doors,
          basic_ecumenical_altar, minmay_misc_feat_rows,
          kennysheep_small_spiral, wander_ebering_terrifying_dragon_lair
D:4:      layout_loops_ring, led_sif_book, mainiacjoe_overflow_chevrons,
          nicolae_ossuary_entry_plus, serial_shops, nicolae_shop_waterfront,
          nicolae_hexahallways, uniq_menkaure
D:5:      layout_basic, kennysheep_slug_shrine, mainiacjoe_overflow_brackets,
          minmay_temple_entry_gardened_gates, grunt_decor_clamped,
          uniq_crazy_yiuf_cottage
D:6:      layout_basic, minmay_overflow_temple_star_hex
D:7:      layout_gridville, grunt_nemelex_the_gamble
D:8:      layout_loops_corners, uniq_joseph

Skill      XL: |  1  2  3  4  5  6  7  8 |
---------------+-------------------------+-----
Ranged Weapons | 4 5 6 7 8 9 11 | 11.7
Fighting       | |  1.7
Dodging        | |  1.7
Stealth        | |  0.8

Action                   |  1- 3 |  4- 6 |  7- 9 || total
-------------------------+-------+-------+-------++-------
Melee: Longbow           |       |       |     2 ||     2
 Fire: Shortbow          |    47 |       |       ||    47
       Longbow           |    26 |    94 |   155 ||   275
  Use: Scroll            |     1 |    13 |    10 ||    24
       Potion            |       |     1 |     2 ||     3
Armor: Leather armour    |    11 |     8 |     2 ||    21
       Scale mail        |       |       |    23 ||    23
Dodge: Dodged            |    19 |    24 |    21 ||    64

Table legend: (Time is in decaauts)
 A = Elapsed time spent in this place.
 B = Non-inter-level travel time spent in this place.
 C = Inter-level travel time spent in this place.
 D = Time resting spent in this place.
 E = Time spent auto-exploring this place.
 F = Levels seen in this place.
 G = Mean time per level.
                   A        B        C        D        E       F      G
               +--------+--------+--------+--------+--------+-----+--------+
         Total |   7378 |   6914 |    464 |    906 |   4943 |   9 |  819.8 |
       Dungeon |   6901 |   6437 |    464 |    707 |   4851 |   8 |  862.6 |
       Ossuary |    477 |    477 |      0 |    199 |     92 |   1 |  477.0 |
               +--------+--------+--------+--------+--------+-----+--------+

Top non-repeatable levels by time:
     D:5: 1173 daAuts
     D:1: 1125 daAuts
     D:4: 1074 daAuts
     D:7: 947 daAuts
     D:2: 942 daAuts
     D:6: 810 daAuts
     D:3: 751 daAuts
 Ossuary: 477 daAuts
     D:8: 74 daAuts
